Map: Ulrena

Players

Multi

  • Race: Protoss Protoss
  • League: Grandmaster

Miszu - Winner!

  • Race: Terran Terran
  • League: Master

VOD

Have the link to the VOD?

Description

Time

  • Played on: April 19, 2016, 2:29 p.m.
  • Length: 8:05
Show
View Real Time Build Order
Export as new Build Order

Multi Protoss 

Build Orders: 1 Gate Expand, Phoenix Opening 

Get SALT Encoding   

  12  0:01  Probe (Chrono Boost)  
  13  0:11  Probe (Chrono Boost)  
  14  0:18  Pylon  
  14  0:22  Probe (Chrono Boost)  
  15  0:37  Probe (Chrono Boost)  
  15  0:38  Gateway  
  16  0:47  Probe (Chrono Boost)  
  16  0:48  Assimilator  
  17  0:58  Probe (Chrono Boost)  
  18  1:08  Probe (Chrono Boost)  
  19  1:20  Nexus  
  19  1:32  Cybernetics Core  
  19  1:33  Probe (Chrono Boost)  
  19  1:37  Assimilator  
  20  1:43  Probe (Chrono Boost)  
  21  1:50  Pylon  
  22  1:54  Probe (Chrono Boost)  
  22  2:04  Probe (Chrono Boost)  
  23  2:09  Adept (Chrono Boost)  
  23  2:10  Warp Gate  
  25  2:15  Probe  
  26  2:28  Probe  
  26  2:34  Probe  
  25  2:40  Probe  
  25  2:42  Stargate  
  26  2:45  Probe  
  26  2:48  Adept (Chrono Boost)  
  29  2:52  Probe  
  29  2:55  Mothership Core  
  31  3:07  Probe  
  31  3:11  Adept (Chrono Boost)  
  34  3:14  Probe  
  34  3:19  Pylon  
  35  3:20  Probe  
  35  3:25  Phoenix (Chrono Boost)  
  38  3:29  Probe  
  39  3:40  Probe  
  39  3:41  Probe  
  39  3:51  Probe  
  39  3:52  Probe  
  41  4:02  Probe  
  41  4:05  Probe  
  41  4:12  Probe  
  43  4:17  Probe  
  43  4:18  Gateway x2  
  43  4:23  Probe  
  42  4:29  Probe  
  44  4:33  Probe  
  44  4:38  Phoenix (Chrono Boost)  
  46  4:41  Probe  
  46  4:44  Probe  
  47  4:50  Pylon  
  47  4:52  Sentry  
  50  4:53  Pylon, Probe  
  50  4:55  Probe  
  54  5:00  Phoenix (Chrono Boost)  
  54  5:06  Probe  
  54  5:08  Probe  
  54  5:13  Assimilator  
  56  5:17  Assimilator, Pylon, Probe  
  56  5:20  Probe  
  58  5:21  Adept, Sentry, Phoenix (Chrono Boost)  
  64  5:32  Twilight Council  
  64  5:33  Forge, Probe x2  
  66  5:44  Phoenix (Chrono Boost)  
  66  5:45  Adept, Probe  
  71  5:50  Probe  
  71  5:57  Adept x2  
  76  6:04  Resonating Glaives (Chrono Boost)  
  76  6:11  Robotics Facility  
  76  6:24  Nexus  
  76  6:27  Pylon  
  76  6:28  Probe  
  77  6:33  Pylon  
  77  6:36  Pylon  
  77  6:46  Adept x2  
  77  6:47  Adept  
  83  6:52  Phoenix  
  85  6:58  Observer (Chrono Boost)  
  87  7:01  Probe  
  87  7:11  Pylon  
  87  7:15  Probe x2  
  89  7:16  Pylon  
  89  7:17  Immortal (Chrono Boost)  
  89  7:20  Adept x2  
  97  7:22  Stalker  
  98  7:46  Adept x3  
Show
View Real Time Build Order
Export as new Build Order

Miszu Terran - Winner!

Build Orders: Reaper Expand, MMM Bio 

Get SALT Encoding   

  12  0:01  SCV  
  13  0:13  SCV  
  14  0:18  Supply Depot  
  14  0:25  SCV  
  15  0:39  SCV  
  15  0:42  Barracks  
  16  0:45  Refinery  
  16  0:51  SCV  
  17  1:03  SCV  
  18  1:16  SCV  
  19  1:28  Orbital Command  
  19  1:29  Reaper  
  20  1:45  Command Center  
  20  1:52  Supply Depot  
  20  1:54  SCV  
  21  2:06  Barracks Reactor, SCV  
  22  2:11  Refinery  
  22  2:18  SCV  
  23  2:25  Factory  
  23  2:30  SCV  
  24  2:43  Marine x2, SCV  
  27  3:00  SCV, Orbital Command  
  27  3:01  Marine  
  27  3:04  Marine  
  30  3:08  Barracks  
  30  3:09  Factory Tech Lab  
  30  3:10  Barracks  
  30  3:13  SCV  
  30  3:19  Marine  
  32  3:22  Marine  
  32  3:23  Orbital Command  
  32  3:25  SCV  
  34  3:31  Cyclone  
  37  3:37  SCV  
  38  3:43  Marine x2  
  40  3:49  SCV  
  42  3:56  Barracks Tech Lab  
  42  3:58  SCV  
  42  4:01  SCV  
  42  4:10  SCV  
  42  4:13  Marine, SCV  
  42  4:14  Marine  
  46  4:23  Stimpack  
  46  4:26  Marine x2, SCV x2  
  50  4:31  Marine x2  
  51  4:38  SCV x2  
  51  4:40  Starport  
  54  4:45  Engineering Bay  
  54  4:52  Supply Depot, Factory Reactor  
  54  4:53  Refinery  
  54  4:59  Barracks Reactor, SCV  
  54  5:06  Barracks  
  54  5:08  Barracks  
  54  5:13  Marine x3  
  54  5:14  Supply Depot, SCV x2  
  59  5:15  Terran Infantry Weapons Level 1  
  59  5:26  SCV x2  
  61  5:31  Marine  
  61  5:35  Marine, Factory Reactor  
  62  5:36  Marauder  
  62  5:38  SCV x2  
  65  5:47  Missile Turret  
  65  5:48  Missile Turret  
  64  5:50  Supply Depot, SCV x2  
  64  5:52  Supply Depot, Medivac x2  
  64  5:55  Barracks Tech Lab  
  64  5:56  Barracks Reactor  
  70  5:59  Barracks Tech Lab  
  70  6:02  Marine  
  70  6:04  Marine  
  70  6:13  Marine x2, Widow Mine x2, SCV x2  
  70  6:15  Supply Depot  
  78  6:19  Combat Shields  
  78  6:21  Supply Depot  
  78  6:23  Marauder  
  80  6:25  SCV  
  80  6:27  Medivac  
  80  6:28  Medivac  
  80  6:29  Marine  
  86  6:36  Marine  
  86  6:37  Marine x4  
  91  6:40  Supply Depot  
  87  6:47  Marine, Marauder  
  90  6:54  Marine x2  
  90  6:55  Widow Mine x2  
  90  6:56  Marine x3  
  90  6:59  Supply Depot  
  99  7:05  Marine  
  99  7:06  Medivac  
  101  7:09  Marauder  
  101  7:12  Marine x2  
  101  7:13  Marine  
  101  7:14  Marine x2  
  108  7:19  Concussive Shells  
  108  7:23  Marine  
  108  7:29  Supply Depot, Marine  
  109  7:30  Supply Depot, Marine, Marauder  
  109  7:31  Marine  
  109  7:32  Marine x2  
  112  7:41  Marine  
Tags
 
Add a new tag
Caveats
  • Supply blocks, unpowered buildings, or Contaminate may cause inaccurate times.
  • Supply counts are checked every 10 seconds.